 Dungeon Crawl Stone Soup version 0.30-a0-140-gd1020e658a (webtiles) character file.

Game seed: 14648681774741603563

39 NinjaNoafa the Changer (level 3, 0/39 HPs)
             Began as a Merfolk Transmuter on Sept 24, 2022.
             Constricted to death by a ball python (1 damage)
             ... on level 2 of the Dungeon.
             The game lasted 00:02:08 (1626 turns).

NinjaNoafa the Changer (Merfolk Transmuter)         Turns: 1626, Time: 00:02:09

Health: 0/39       AC: 21    Str: 10    XL:     3   Next: 47%
Magic:  4/6        EV: -1    Int: 14    God:
Gold:   44         SH:  0    Dex: 14    Spells: 3/6 levels left

rFire   . . .      SeeInvis .      - Unarmed
rCold   . . .      Faith    .    (no shield)
rNeg    . . .      Spirit   .    (body armour currently unavailable)
rPois   +          Reflect  .    (helmet currently unavailable)
rElec   .          Harm     .    (cloak currently unavailable)
rCorr   .          Rampage  .    (gloves currently unavailable)
Will    .....      NoTele   +    (boots currently unavailable)
Stlth   +.........               (no amulet)
HPRegen 0.13/turn                (no ring)
MPRegen 0.10/turn                (no ring)

@: tree-form, wereblooded, attractive, constricted
A: stationary, stasis, torment immunity, boosted hp, (nimble swimmer 2),
(mertail)
a: no special abilities


You were on level 2 of the Dungeon.
You were a tree.
You visited 1 branch of the dungeon, and saw 2 of its levels.

You collected 44 gold pieces.

Inventory:

Missiles
 g - 2 poisoned darts
Armour
 a - a +0 robe (melded)
Scrolls
 d - 2 scrolls of fear {unknown}
 f - a scroll of noise {unknown}
 h - 2 scrolls of identify {unknown}
 i - a scroll of torment {unknown}
Potions
 b - a potion of lignification


   Skills:
 - Level 1.1 Fighting
 - Level 2.6 Dodging
 - Level 3.2 Unarmed Combat
 - Level 2.0 Spellcasting
 + Level 5.0 Transmutations


You had 3 spell levels left.
You knew the following spells:

 Your Spells              Type           Power      Damage    Failure   Level
a - Beastly Appendage     Tmut           30%        N/A       3%          1
b - Wereblood             Tmut           15%        N/A       4%          2

Your spell library contained the following spells:

 Spells                   Type           Power      Damage    Failure   Level
 Spider Form              Tmut/Pois      8%         N/A       26%         3
 Ice Form                 Ice/Tmut       8%         N/A       63%         4


Dungeon Overview and Level Annotations

Branches:
Dungeon (2/15)

Altars:

Annotations:
D:2 Natasha


Innate Abilities, Weirdness & Mutations

You are a tree.
Your roots penetrate the ground, keeping you stationary.
You cannot be teleported.
You are immune to unholy pain and torment.
Your maximum health is greatly increased.
Your equipment is partially melded.
((You are very nimble when in or above water. (Stealth+, EV+, Speed+++)))
((Your lower body shifts to a powerful aquatic tail in water.))


Message History

The ball python bites you. The rat closely misses you.
The ball python bites you. The ball python constricts you.
You barely miss the ball python.
The ball python is moderately wounded.
The ball python closely misses you. The rat bites you. The hobgoblin hits you.
* * * LOW HITPOINT WARNING * * *
Natasha, Servant of Life and Death comes into view.
The ball python barely misses you. The ball python constricts you.
The ball python bites you but does no damage.
The ball python's grasp on you weakens, but your attempt to escape fails.
The rat completely misses you. The hobgoblin barely misses you.
The ball python bites you.
* * * LOW HITPOINT WARNING * * *
The ball python constricts you.
* * * LOW HITPOINT WARNING * * *
The ball python bites you.
* * * LOW HITPOINT WARNING * * *
You escape the ball python's grasp.
The hobgoblin attacks as you move away! The hobgoblin completely misses you.
A hobgoblin comes into view.
The hobgoblin shouts!
You hear a shout!
Natasha mumbles some strange words.
The hobgoblin attacks as you move away! The hobgoblin misses you.
An adder comes into view.
Found 12 gold pieces.
The rat barely misses you.
The adder moves out of view.
It was a potion of attraction.
You feel attractive to monsters.
Your horns disappear.
The rat bites you but does no damage. The hobgoblin hits you.
* * * LOW HITPOINT WARNING * * *
The ball python bites you.
* * * LOW HITPOINT WARNING * * *
The ball python barely misses you. The hobgoblin is attracted toward you.
Natasha is attracted toward you.
Really quaff the potion of lignification?
You turn into a tree.
Your +0 robe melds into your body.
Your roots penetrate the ground.
The rat bites you but does no damage.
The hobgoblin hits you but does no damage. x2
The ball python bites you but does no damage.
The ball python grabs you. The ball python constricts you.
You die...

≈ ≈≈ $ # ~~
...#. .#
....§.#### ..#~≈
#.g♣g##....~~
#...#S#rS...§88~
###....gh.......
##............
####......88~
#.........
..........
#.........
#.........


You could see Natasha, 2 hobgoblins, a goblin, 2 ball pythons and a rat.

Vanquished Creatures
  2 dart slugs (D:1)
  7 ball pythons (D:1)
  4 endoplasms (D:1)
  2 goblins (D:1)
  7 hobgoblins
  2 jackals (D:1)
  2 bats (D:1)
  2 frilled lizards (D:1)
  2 rats (D:1)
30 creatures vanquished.

Vanquished Creatures (others)
  3 fungi (D:1)
3 creatures vanquished.

Grand Total: 33 creatures vanquished

Notes
Turn   | Place    | Note
-------+----------+-------------------------------------------
     0 | D:1      | NinjaNoafa the Merfolk Transmuter began the quest for the
                  | Orb.
     0 | D:1      | Reached XP level 1. HP: 15/15 MP: 3/3
     6 | D:1      | Noticed an iguana
     6 | D:1      | Noticed a swamp worm
     6 | D:1      | Noticed an eight-headed hydra
     7 | D:1      | Noticed a wolf
    67 | D:1      | Reached skill level 3 in Transmutations
   210 | D:1      | Reached XP level 2. HP: 20/21 MP: 3/5
   385 | D:1      | Reached skill level 4 in Transmutations
   629 | D:1      | Reached XP level 3. HP: 6/26 MP: 6/6
  1115 | D:1      | Learned a level 2 spell: Wereblood
  1164 | D:1      | Reached skill level 5 in Transmutations
  1268 | D:1      | Found a faded altar of an unknown god.
  1621 | D:2      | Noticed Natasha
  1625 | D:2      | HP: 1/26 [ball python (1)]
  1626 | D:2      | Constricted to death by a ball python

Illustrated notes

Levels and vault maps discovered:
D:1:      onia_arrival_zoo_common, layout_basic,
          shapermc_ecumenical_altar_mp_urbaneastern
D:2:      wander_river, layout_rooms, st_stairs_5, uniq_natasha

Skill      XL: |  1  2  3 |
---------------+----------+-----
Transmutations | 3 4 5 |  5.0
Fighting       | |  1.1
Dodging        | |  2.6
Unarmed Combat | |  3.2
Spellcasting   | |  2.0

Action                   || total
-------------------------++-------
Melee: Unarmed           ||    75
       Headbutt          ||    12
 Cast: Beastly Appendage ||    18
       Wereblood         ||     1
  Use: Potion            ||     4
 Stab: Sleeping          ||     1
Armor: Robe              ||    16
       Skin              ||    15
Dodge: Dodged            ||    66

Table legend: (Time is in decaauts)
 A = Elapsed time spent in this place.
 B = Non-inter-level travel time spent in this place.
 C = Inter-level travel time spent in this place.
 D = Time resting spent in this place.
 E = Time spent auto-exploring this place.
 F = Levels seen in this place.
 G = Mean time per level.
                   A        B        C        D        E       F      G
               +--------+--------+--------+--------+--------+-----+--------+
         Total |   1628 |   1541 |     87 |    108 |   1212 |   2 |  814.0 |
       Dungeon |   1628 |   1541 |     87 |    108 |   1212 |   2 |  814.0 |
               +--------+--------+--------+--------+--------+-----+--------+

Top non-repeatable levels by time:
     D:1: 1615 daAuts
     D:2: 12 daAuts
